 Dungeon Crawl Stone Soup version 0.30-a0-439-g9e77e4d916 (webtiles) character file.

Game seed: 7071405565307898983

8423 bjtr the Arsonist (level 11, -2/57 HPs)
             Began as a Gargoyle Fire Elementalist on Nov 10, 2022.
             Was a Believer of Vehumet.
             Killed by an exploding vampire mosquito (26 damage)
             ... ignited by their inner flame
             ... on level 11 of the Dungeon on Dec 11, 2022.
             The game lasted 01:12:17 (14216 turns).

bjtr the Arsonist (Gargoyle Fire Elementalist)     Turns: 14216, Time: 01:12:20

Health: -2/57      AC: 18    Str: 11    XL:     11   Next: 30%
Magic:  0/24       EV: 13    Int: 27    God:    Vehumet [**....]
Gold:   565        SH:  0    Dex: 16    Spells: 10/29 levels left

rFire   . . .      SeeInvis .    Z - +0 triple sword (drain)
rCold   . . .      Faith    .    (shield currently unavailable)
rNeg    + . .      Spirit   +    B - +0 steam dragon scales
rPois   ∞          Reflect  .    (no helmet)
rElec   +          Harm     .    t - +0 cloak
rCorr   .          Rampage  .    J - +0 pair of gloves
Will    .....                    z - +1 pair of boots
Stlth   +++.......               v - amulet of guardian spirit
HPRegen 0.29/turn                q - +6 ring of dexterity
MPRegen 0.19/turn                R - +6 ring of intelligence

@: no status effects
A: sickness immunity, AC +8, negative energy resistance 1, electricity
resistance, torment resistance 1, petrification resistance
a: Renounce Religion


You were on level 11 of the Dungeon.
You worshipped Vehumet.
Vehumet was pleased with you.
You visited 2 branches of the dungeon, and saw 12 of its levels.

You collected 625 gold pieces.
You spent 60 gold pieces at shops.

Inventory:

Hand Weapons
 o - a +2 dagger of draining
 r - a +2 war axe of electrocution
 s - a +0 vorpal flail
 E - a +0 sling
 G - a +2 dagger of protection
 I - a +2 trident of freezing
 O - a +2 antimagic whip
 Q - a +0 morningstar
 V - a +0 shortbow
 X - a +0 dire flail
 Z - a +0 triple sword of draining (weapon)
Missiles
 e - 116 stones (quivered)
 f - 13 boomerangs
 g - 13 poisoned darts
 k - 2 javelins
 S - 2 atropa-tipped darts
 T - a curare-tipped dart
Armour
 a - a +0 kite shield
 t - a +0 cloak (worn)
 z - a +1 pair of boots (worn)
 B - +0 steam dragon scales (worn)
 F - the +2 leather armour of Wuloywk {Drain rElec SInv Stlth-}
   (You found it on level 7 of the Dungeon)

   rElec:     It insulates you from electricity.
   SInv:      It lets you see invisible.
   Drain:     It drains your maximum health when unequipped.
   Stlth:     It makes you less stealthy.
 J - a +0 pair of gloves (worn)
 K - a +0 buckler
 W - a +0 troll leather armour
Jewellery
 q - a +6 ring of dexterity (left hand)
 u - a ring of positive energy
 v - an amulet of guardian spirit (around neck)
 L - a ring of ice
 R - a +6 ring of intelligence (right hand)
Wands
 p - a wand of digging (11)
 x - a wand of flame (48)
 y - a wand of iceblast (20)
 Y - a wand of polymorph (2)
Scrolls
 c - a scroll of magic mapping
 h - 5 scrolls of identify
 j - 6 scrolls of amnesia
 l - 8 scrolls of enchant armour
 m - 2 scrolls of teleportation
 C - 2 scrolls of fear
 M - 3 scrolls of vulnerability
Potions
 b - a potion of magic
 d - 3 potions of curing
 i - a potion of resistance
 w - 2 potions of lignification
 A - a potion of flight
 D - 5 potions of might
 H - 2 potions of berserk rage


   Skills:
 + Level 2.0 Fighting
 * Level 1.4 Long Blades
 * Level 3.0 Armour
 + Level 2.9 Dodging
 + Level 3.5 Stealth
 - Level 5.5 Shields
 + Level 9.5 Spellcasting
 + Level 4.1 Conjurations
 + Level 11.5 Fire Magic


You had 10 spell levels left.
You knew the following spells:

 Your Spells              Type           Power      Damage    Failure   Level
a - Foxfire               Conj/Fire      100%       2x1d9     1%          1
b - Scorch                Fire           100%       2d10      1%          2
c - Inner Flame           Hex/Fire       44%        N/A       1%          3
d - Flame Wave            Conj/Fire      53%        2d13      1%          4
e - Kindle Blastsparks    Fire/Tloc/Air  66%        2d15      2%          3
f - Starburst             Conj/Fire      26%        6d8       28%         6

Your spell library contained the following spells:

 Spells                   Type           Power      Damage    Failure   Level
 Static Discharge         Conj/Air       46%        2-4/arc   3%          2
 Beastly Appendage        Tmut           24%        N/A       4%          1
 Dazzling Flash           Conj/Hex       46%        N/A       6%          3
 Ensorcelled Hibernation  Hex/Ice        24%        N/A       7%          2
 Wereblood                Tmut           12%        N/A       7%          2
 Spider Form              Tmut/Pois      12%        N/A       14%         3
 Iskenderun's Mystic Bla  Conj/Tloc      23%        2d6       19%         4
 Anguish                  Hex/Necr       6%         N/A       41%         4


Dungeon Overview and Level Annotations

Branches:
Dungeon (11/15)            Temple (1/1) D:6            Lair (0/5) D:9
    Orc (0/2) D:10

Altars:
Ashenzari
Cheibriados
Dithmenos
Elyvilon
Fedhas
Gozag
Hepliaklqana
Kikubaaqudgha
Makhleb
Nemelex Xobeh
Okawaru
Qazlal
Ru
Sif Muna
Trog
Uskayaw
Vehumet
Wu Jian
Xom
Yredelemnul
Zin
The Shining One

Shops:
D:5 !   D:7 [   D:8 *

Annotations:
D:3 3 runed translucent doors, billz999's ghost, amateur GnHu; pigah's ghost, weakling OpWn


Innate Abilities, Weirdness & Mutations

You are immune to sickness and miasma.
Your stone body is resilient. (AC +8)
You are immune to poison.
You resist negative energy. (rN+)
You are resistant to electric shocks. (rElec)
You are resistant to unholy torment.
You are immune to petrification.


Message History

You feel your power returning.
The vampire mosquito explodes!
The fiery explosion engulfs you!!
An orc comes into view. It is wielding a +0 hand axe.
Unknown command.
Your foxfire dissipates!
The vampire mosquito is engulfed in blazing flames.
Casting: Scorch (safe; 1% risk of failure)
Confirm with . or Enter, or press ? or * to list all spells.
Aiming: Inner Flame (safe; 1% risk of failure)
Press: ? - help, Dir - move target, f - vampire mosquito
Aim: a vampire mosquito (flame, lightly damaged, chance to affect: 91%)
The vampire mosquito is filled with an inner flame.
The vampire mosquito is engulfed in blazing flames.
Flame seeps out of the vampire mosquito.
The vampire mosquito is engulfed in blazing flames.
Flame seeps out of the vampire mosquito.
The vampire mosquito attacks as you move away!
The vampire mosquito bites you but does no damage.
The vampire mosquito is engulfed in blazing flames.
Flame seeps out of the vampire mosquito.
The vampire mosquito bites you but does no damage.
The vampire mosquito bites you.
The orc wizard mumbles some strange words.
The orc wizard flickers and vanishes!
Deactivating autopickup; reactivate with Ctrl-A.
Casting: Inner Flame (safe; 1% risk of failure)
Confirm with . or Enter, or press ? or * to list all spells.
You conjure some foxfire!
The vampire mosquito bites you but does no damage.
The vampire mosquito bites you.
Your foxfire dissipates!
The vampire mosquito bites you!
Casting: Foxfire (safe; 1% risk of failure)
Confirm with . or Enter, or press ? or * to list all spells.
Flames lash the vampire mosquito.
Vehumet accepts your kill.
The vampire mosquito explodes!
The fiery explosion engulfs you!!
You die...

#######+## #........#
######.### #.# ##.#
##..# ###### ###..##
####.[...
######...######..'.....
+...............##.....
######@###########.....
#§# #..... #§# ######
#.# #§# #☼☼# #§## #○ #{


There were no monsters in sight!

Vanquished Creatures
  3 two-headed ogres
  A gargoyle (D:8)
  An unseen horror (D:9)
  2 trolls
  A hornet (D:10)
  9 yaks
  A wraith (D:10)
  A shadow (D:10)
  A human (D:10)
  A steam dragon (D:6)
  2 vampire mosquitoes (D:11)
  A warg (D:10)
  An acid dragon (D:11)
  A water moccasin (D:7)
  An ice beast (D:7)
  2 orc warriors
  3 centaurs (D:10)
  An ogre (D:7)
  2 phantoms
  A kobold brigand (D:9)
  2 gnoll sergeants
  3 bullfrogs
  3 necrophages
  4 scorpions
  6 killer bees (D:8)
  5 howler monkeys
  2 jellies
  10 orc priests
  4 gnoll boudas
  6 hounds
  2 iguanas
  Ijyb (D:4)
  3 orc wizards (D:5)
  21 gnolls
  9 adders
  2 white imps
  3 ufetubi (D:6)
  4 worms
  A dart slug (D:1)
  25 orcs
  7 ball pythons
  4 bats
  7 endoplasms
  4 giant cockroaches
  3 goblins
  6 hobgoblins
  6 jackals
  12 kobolds
  6 quokkas
  6 frilled lizards
  4 rats
217 creatures vanquished.

Vanquished Creatures (others)
  An orc wizard (D:6)
  303 foxfires
  6 withered plants (D:3)
310 creatures vanquished.

Grand Total: 527 creatures vanquished

Notes
Turn   | Place    | Note
-------+----------+-------------------------------------------
     0 | D:1      | bjtr the Gargoyle Fire Elementalist began the quest for the
                  | Orb.
     0 | D:1      | Reached XP level 1. HP: 10/10 MP: 3/3
   170 | D:1      | Reached XP level 2. HP: 15/15 MP: 0/5
   740 | D:1      | Reached XP level 3. HP: 19/19 MP: 4/6
   743 | D:1      | Learned a level 2 spell: Scorch
   747 | D:1      | Learned a level 3 spell: Inner Flame
  1618 | D:2      | Reached XP level 4. HP: 24/24 MP: 2/8
  1682 | D:2      | Found a faded altar of an unknown god.
  2778 | D:3      | Reached skill level 4 in Fire Magic
  3511 | D:3      | Found a runed translucent gate.
  3512 | D:3      | Found a runed translucent gate.
  3513 | D:3      | Found a runed translucent gate.
  3515 | D:3      | Noticed pigah's ghost (weakling OpWn)
  3515 | D:3      | Noticed billz999's ghost (amateur GnHu)
  3855 | D:3      | Upgraded the game from 0.30-a0-358-g0d69a1922f to
                  | 0.30-a0-424-g7412bad402
  3885 | D:4      | Reached XP level 5. HP: 28/28 MP: 6/9
  3922 | D:4      | Found a blossoming altar of Fedhas.
  4616 | D:4      | Reached skill level 1 in Armour
  4619 | D:4      | Reached XP level 6. HP: 32/32 MP: 1/10
  4725 | D:4      | Found a hide-covered altar of Uskayaw.
  4749 | D:4      | Noticed Ijyb
  4768 | D:4      | Killed Ijyb
  4769 | D:4      | Reached skill level 5 in Fire Magic
  5173 | D:5      | Entered Level 5 of the Dungeon
  5173 | D:5      | Found Qiomy's Distillery.
  5187 | D:5      | Bought a potion of heal wounds for 60 gold pieces
  5330 | D:5      | Reached XP level 7. HP: 22/37 MP: 5/13
  5764 | D:5      | Reached skill level 6 in Fire Magic
  5830 | D:5      | Learned a level 4 spell: Flame Wave
  6230 | D:5      | Reached skill level 5 in Spellcasting
  6720 | D:5      | Found a glowing golden altar of the Shining One.
  6727 | D:5      | Reached skill level 1 in Fighting
  6727 | D:5      | Reached XP level 8. HP: 31/43 MP: 4/15
  7261 | D:6      | Reached skill level 1 in Shields
  7261 | D:6      | Reached skill level 7 in Fire Magic
  7427 | D:6      | Found a staircase to the Ecumenical Temple.
  7438 | Temple   | Entered the Ecumenical Temple
  7438 | Temple   | Found a transporter.
  7438 | Temple   | Found a transporter.
  7459 | Temple   | Found a transporter.
  7459 | Temple   | Found a transporter.
  7475 | Temple   | Became a worshipper of Vehumet
  8770 | D:7      | Reached skill level 8 in Fire Magic
  8773 | D:7      | Reached XP level 9. HP: 47/47 MP: 3/18
  9258 | D:7      | Identified the +2 leather armour of Wuloywk {Drain rElec
                  | SInv Stlth-}
  9741 | D:7      | Found Moavev's Antique Armour Boutique.
  9987 | D:8      | Upgraded the game from 0.30-a0-424-g7412bad402 to
                  | 0.30-a0-439-g9e77e4d916
 10191 | D:8      | Noticed a gargoyle
 10494 | D:8      | Reached skill level 9 in Fire Magic
 10652 | D:8      | Found Jerphyt's Overcharged Wands.
 10663 | D:8      | Reached * piety under Vehumet
 10663 | D:8      | Offered knowledge of Shock by Vehumet.
 11043 | D:8      | Killed a gargoyle
 11241 | D:8      | Found an iron altar of Okawaru.
 11386 | D:9      | Killed an unseen horror
 11502 | D:9      | Found a burning altar of Makhleb.
 11532 | D:9      | Found an ornate altar of the Wu Jian Council.
 11587 | D:9      | Found a sacrificial altar of Ru.
 11635 | D:9      | Found a staircase to the Lair.
 11654 | D:9      | Noticed a troll
 11664 | D:9      | Killed a troll
 11665 | D:9      | Reached XP level 10. HP: 52/52 MP: 14/21
 11914 | D:9      | Noticed a two-headed ogre
 11926 | D:9      | Killed a two-headed ogre
 11927 | D:9      | Reached skill level 10 in Fire Magic
 12264 | D:10     | Entered Level 10 of the Dungeon
 12277 | D:10     | Found a broken altar of Ashenzari.
 12474 | D:10     | Found a sparkling altar of Nemelex Xobeh.
 12476 | D:10     | Found a white marble altar of Elyvilon.
 12529 | D:10     | Noticed a two-headed ogre
 12545 | D:10     | Reached skill level 5 in Shields
 12545 | D:10     | Killed a two-headed ogre
 12546 | D:10     | Reached skill level 11 in Fire Magic
 12838 | D:10     | Reached XP level 11. HP: 37/57 MP: 8/24
 12840 | D:10     | Reached ** piety under Vehumet
 12840 | D:10     | Offered knowledge of Static Discharge by Vehumet.
 13230 | D:10     | Found a staircase to the Orcish Mines.
 13307 | D:10     | Found a snail-covered altar of Cheibriados.
 13324 | D:10     | Learned a level 3 spell: Kindle Blastsparks
 13331 | D:10     | Learned a level 6 spell: Starburst
 13898 | D:11     | Reached skill level 1 in Long Blades
 14004 | D:11     | Noticed a two-headed ogre
 14008 | D:11     | Killed a two-headed ogre
 14216 | D:11     | Killed by an exploding vampire mosquito... ignited by their
                  | inner flame

Illustrated notes

Levels and vault maps discovered:
D:1:      lemuel_arrival_lava_pool, layout_loops_ring
D:2:      layout_basic, hellmonk_ecumenical_altar_dog_temple
D:3:      layout_loops_ring, gammafunk_ghost_cemetery
D:4:      layout_loops_ring, mainiacjoe_overflow_alcove_4,
          mainiacjoe_overflow_chevrons, uniq_ijyb
D:5:      layout_cave_pods, marbit_many_paths, serial_shops,
          nicolae_diamond_shop
D:6:      layout_basic, minmay_temple_entry_water_ring, dk_noncrumbling_3
D:7:      layout_basic, serial_shops, shop
D:8:      layout_loops_corners, mainiacjoe_overflow_alcove_2,
          chequers_serial_rivers_micro_d, nicolae_shop_overcharged_wands
D:9:      layout_cave_pools, nzn_wu_jian_contemplation,
          nicolae_overflow_crystal_walls, mainiacjoe_overflow_boulevard,
          dpeg_oklobed_lair, kennysheep_generic_room_4
D:10:     layout_roguey, cheibriados_altar_2, kennysheep_mini,
          chequers_temple_overflow_statue_of_worship, erik_orc_4
D:11:     layout_roguey [special_room_bee], gammafunk_ghost_spectres
Temple:   hellmonk_temple_divided_pantheon

Skill      XL: |  1  2  3  4  5  6  7  8  9 10 11 |
---------------+----------------------------------+-----
Conjurations   | 2 3 4 |  4.1
Fire Magic     | 4 5 6 8 9 11 | 11.5
Spellcasting   | 3 4 5 6 7 9 |  9.5
Armour         | 1 2 3 |  3.0
Dodging        | 2 |  2.9
Fighting       | 1 2 |  2.0
Shields        | 2 4 5 |  5.5
Stealth        | 3 |  3.5
Long Blades    | 1 |  1.4

Action                   |  1- 3 |  4- 6 |  7- 9 | 10-12 || total
-------------------------+-------+-------+-------+-------++-------
Melee: Spear             |    20 |       |       |       ||    20
       War axe           |       |    22 |    82 |    14 ||   118
       Punch             |       |       |     1 |       ||     1
       Triple sword      |       |       |       |     2 ||     2
Throw: Javelin           |       |       |     3 |       ||     3
       Stone             |       |       |     1 |       ||     1
       Throwing net      |       |       |     1 |       ||     1
 Cast: Foxfire           |    53 |    32 |    51 |    44 ||   180
       Scorch            |     3 |    52 |   120 |    37 ||   212
       Inner Flame       |       |       |    11 |    21 ||    32
       Flame Wave        |       |       |       |     6 ||     6
  Use: Scroll            |       |    11 |     7 |     3 ||    21
       Potion            |       |     3 |     2 |       ||     5
 Stab: Sleeping          |       |       |     1 |       ||     1
Armor: Robe              |    11 |       |       |       ||    11
       Leather armour    |       |    46 |    39 |       ||    85
       Steam dragon scal |       |       |    54 |    32 ||    86
Dodge: Dodged            |    34 |    40 |   119 |    31 ||   224
Block: Buckler           |       |       |    36 |    11 ||    47

Table legend: (Time is in decaauts)
 A = Elapsed time spent in this place.
 B = Non-inter-level travel time spent in this place.
 C = Inter-level travel time spent in this place.
 D = Time resting spent in this place.
 E = Time spent auto-exploring this place.
 F = Levels seen in this place.
 G = Mean time per level.
                   A        B        C        D        E       F      G
               +--------+--------+--------+--------+--------+-----+--------+
         Total |  14288 |  13840 |    448 |   4270 |   7454 |  12 | 1190.7 |
       Dungeon |  14231 |  13783 |    448 |   4270 |   7427 |  11 | 1293.7 |
        Temple |     56 |     56 |      0 |      0 |     27 |   1 |   56.0 |
               +--------+--------+--------+--------+--------+-----+--------+

Top non-repeatable levels by time:
     D:5: 1684 daAuts
     D:6: 1668 daAuts
     D:8: 1583 daAuts
     D:4: 1435 daAuts
     D:2: 1389 daAuts
     D:1: 1380 daAuts
    D:10: 1202 daAuts
     D:3: 1183 daAuts
     D:9: 1139 daAuts
     D:7: 1052 daAuts
    D:11: 510 daAuts
  Temple: 56 daAuts
